 Dungeon Crawl Stone Soup version 0.30.1-9-gdf580d7c3d (webtiles) character file.

Game seed: 5265043007437392390

1891 H0rd4k the Ducker (level 9, -30/68 HPs)
             Began as a Human Artificer on Oct 6, 2023.
             Killed from afar by Maggie (32 damage)
             ... with a bolt of fire
             ... on level 7 of the Dungeon.
             The game lasted 00:09:34 (7578 turns).

H0rd4k the Ducker (Human Artificer)                 Turns: 7578, Time: 00:09:35

Health: -30/68     AC:  4    Str: 13    XL:     9   Next: 37%
Magic:  14/14      EV: 14    Int: 16    God:
Gold:   343        SH:  0    Dex: 13    Spells: 15/15 levels left

rFire   . . .        a - +3 whip (flame)
rCold   . . .        (no shield)
rNeg    . . .        b - +0 leather armour
rPois   .            (no helmet)
rElec   .            (no cloak)
rCorr   +            (no gloves)
SInv    .            l - +0 pair of boots
Will    .....        (no amulet)
Stlth   +            e - ring of resist corrosion
HPRegen 0.31/turn    (no ring)
MPRegen 0.14/turn

%: no passive effects
@: mighty, mesmerised
A: no striking features
a: no special abilities


You were on level 7 of the Dungeon.
You visited 2 branches of the dungeon, and saw 8 of its levels.

You collected 343 gold pieces.

Inventory:

Hand Weapons
 a - a +3 whip of flaming (weapon)
 d - a +2 dagger of protection
Missiles
 h - 6 poisoned darts
 o - 3 curare-tipped darts
Armour
 b - a +0 leather armour (worn)
 l - a +0 pair of boots (worn)
Magical Staves
 p - a staff of earth
Jewellery
 e - a ring of resist corrosion (left hand)
Wands
 f - a wand of iceblast (1)
Scrolls
 j - a scroll of fear
 k - 4 scrolls of magic mapping
 m - 2 scrolls of identify
 n - a scroll of teleportation
 s - a scroll of noise
 t - a scroll of blinking
Potions
 c - a potion of ambrosia
 g - a potion of haste
 i - a potion of mutation {unknown}
 q - a potion of might
 r - a potion of cancellation {unknown}
 u - 3 potions of flight {unknown}


   Skills:
 + Level 5.3 Fighting
 - Level 3.5 Maces & Flails
 - Level 2.0 Armour
 + Level 6.6 Dodging
 - Level 1.0 Stealth
 * Level 3.8 Spellcasting
 + Level 6.0 Evocations


You had 15 spell levels left.
You didn't know any spells.
Your spell library contained the following spells:

 Spells                   Type           Power      Damage    Failure   Level
 Slow                     Hex            12%        N/A       22%         1
 Blink                    Tloc           6%         N/A       32%         2
 Confusing Touch          Hex            3%         N/A       54%         3
 Ignite Poison            Fire/Tmut/Pois 3%         N/A       54%         3
 Vampiric Draining        Necr           3%         2d6       54%         3
 Manifold Assault         Tloc           3%         N/A       91%         4
 Sticky Flame             Conj/Fire      3%         2d3       91%         4
 Storm Form               Tmut/Air       1%         N/A       100%        7
 Ignition                 Fire           1%         3d3       100%        8


Dungeon Overview and Level Annotations

Branches:
Dungeon (7/15)             Temple (1/1) D:5

Altars:
Ashenzari
Dithmenos
Elyvilon
Hepliaklqana
Kikubaaqudgha
Makhleb
Okawaru
Qazlal
Ru
Sif Muna
Uskayaw
Vehumet
Wu Jian
Yredelemnul

Annotations:
D:3 exclusion: downstairs
D:5 Blork the orc
D:7 Maggie


Message History

You are mesmerised by Maggie!
You hit Maggie. You burn Maggie.
Maggie is moderately wounded.
A wight comes into view. It is wielding a +3 scimitar.
Maggie misses you.
Okay, then.
You hit Maggie. You burn Maggie.
Maggie is moderately wounded.
Maggie points at you and mumbles some strange words.
The bolt of fire hits you!!
You barely miss Maggie.
Maggie is moderately wounded.
Maggie closely misses you.
You feel very mighty all of a sudden.
Maggie practices a pose.
Maggie misses you.
You hit Maggie. You burn Maggie.
Maggie is moderately wounded.
Maggie hits you with a +0 glaive of flaming!
Maggie burns you.
You whack Maggie! You burn Maggie.
Maggie is heavily wounded.
Maggie closely misses you.
You cannot move away from Maggie!
Unknown command.
You hit Maggie. You burn Maggie.
Maggie is heavily wounded.
Maggie hits you with a +0 glaive of flaming.
Maggie burns you. The wight misses you.
You hit Maggie. You burn Maggie.
Maggie is severely wounded.
Maggie barely misses you. The wight hits you with a +3 scimitar!
* * * LOW HITPOINT WARNING * * *
You whack Maggie! You burn Maggie.
Maggie is almost dead.
The wight hits you with a +3 scimitar!
* * * LOW HITPOINT WARNING * * *
Maggie gestures at you while chanting. The bolt of fire hits you!!
You die...

# . .## .#
.... ##.#
.....## ..$
.......#.#####
#.@.....#
#@z.###.#
#...# .....
.#..#.#
#.#.$#.# #
#..... ##.....


You could see Maggie (mesmerising) and a wight.

Vanquished Creatures
  Pikel (D:4)
  Grinder (D:3)
  Duvessa (D:5)
  An ice beast (D:6)
  A lemure (D:4)
  A phantom (D:5)
  2 bullfrogs (D:6)
  A gnoll sergeant (D:5)
  2 orc priests (D:4)
  3 hounds
  An iguana (D:5)
  A sleepcap (D:6)
  An orc wizard (D:4)
  9 gnolls
  10 adders
  A white imp (D:6)
  An ufetubus (D:5)
  2 worms
  3 dart slugs
  12 orcs
  9 endoplasms
  4 giant cockroaches
  4 goblins
  6 hobgoblins
  5 quokkas
  2 ball pythons
  8 bats
  2 frilled lizards
  4 kobolds
  6 rats
105 creatures vanquished.

Vanquished Creatures (collateral kills)
  Sigmund (D:5)
  2 gnolls (D:5)
  An adder (D:5)
  A shadow imp (D:5)
  A goblin (D:4)
6 creatures vanquished.

Vanquished Creatures (others)
  A scorpion (D:5)
  Dowan (D:5)
  A gnoll (D:5)
  3 orcs
6 creatures vanquished.

Grand Total: 117 creatures vanquished

Notes
Turn   | Place    | Note
-------+----------+-------------------------------------------
     0 | D:1      | H0rd4k the Human Artificer began the quest for the Orb.
     0 | D:1      | Reached XP level 1. HP: 15/15 MP: 1/1
     7 | D:1      | Reached XP level 2. HP: 21/21 MP: 2/2
   351 | D:1      | Reached XP level 3. HP: 23/26 MP: 3/3
  1347 | D:2      | Reached skill level 1 in Maces & Flails
  1460 | D:2      | Reached XP level 4. HP: 32/32 MP: 4/4
  1762 | D:3      | Noticed Grinder
  1775 | D:3      | Killed Grinder
  1776 | D:3      | Reached XP level 5. HP: 23/39 MP: 5/5
  1776 | D:3      | Reached XP level 6. HP: 27/46 MP: 6/6
  1998 | D:3      | Found a faded altar of an unknown god.
  3282 | D:4      | Reached XP level 7. HP: 41/51 MP: 8/8
  3349 | D:4      | You fall into a shaft and drop 1 floor!
  3349 | D:5      | Entered Level 5 of the Dungeon
  3478 | D:5      | Reached skill level 1 in Spellcasting
  3596 | D:5      | Noticed Sigmund
  3624 | D:5      | Noticed Blork the orc
  3659 | D:5      | Found a staircase to the Ecumenical Temple.
  3662 | D:5      | Killed Sigmund
  3675 | Temple   | Entered the Ecumenical Temple
  3675 | Temple   | Found a transporter.
  3675 | Temple   | Found a transporter.
  3719 | Temple   | Found a transporter.
  3719 | Temple   | Found a transporter.
  4090 | D:5      | Reached XP level 8. HP: 7/60 MP: 9/11
  4093 | D:5      | Noticed Dowan
  4099 | D:5      | Noticed Duvessa
  4150 | D:5      | Your ally Dowan died
  4798 | D:4      | HP: 1/60 [gnoll/+0 flail (6)]
  4804 | D:4      | HP: 3/60 [hound (1)]
  5204 | D:4      | Found a hide-covered altar of Uskayaw.
  5284 | D:4      | Noticed Pikel
  5289 | D:4      | Killed Pikel
  5290 | D:4      | Reached skill level 5 in Dodging
  5290 | D:4      | Reached skill level 5 in Evocations
  5290 | D:4      | Reached XP level 9. HP: 67/67 MP: 11/13
  5552 | D:5      | Killed Duvessa
  6085 | D:6      | Reached skill level 5 in Fighting
  7565 | D:7      | Noticed Maggie
  7578 | D:7      | HP: 2/68 [wight/+3 scimitar (12)]
  7578 | D:7      | Killed from afar by Maggie

Illustrated notes

Levels and vault maps discovered:
D:1:      dpeg_arrival_boxes_within_box, layout_loops_ring,
          hangedman_decor_points, dk_noncrumbling_4
D:2:      layout_loops_ring, kennysheep_generic_room_3
D:3:      layout_basic, hellmonk_ecumenical_altar_crossroads, uniq_grinder
D:4:      layout_loops_corners, marbit_many_paths, uniq_pikel
D:5:      layout_loops_ring, minmay_temple_entry_fiery, minmay_statues_item,
          uniq_blork_the_orc, uniq_duvessa, uniq_sigmund
D:6:      layout_basic
D:7:      layout_loops_cross, gammafunk_temple_overflow_elements,
          chequers_garden, uniq_maggie, uniq_menkaure
Temple:   hellmonk_temple_divided_pantheon

Skill      XL: |  1  2  3  4  5  6  7  8  9 |
---------------+----------------------------+-----
Evocations     | 4 5 6 |  6.0
Maces & Flails | 1 3 |  3.5
Fighting       | 2 3 4 5 |  5.3
Dodging        | 2 3 4 5 6 |  6.6
Spellcasting   | 2 3 |  3.8
Armour         | |  2.0
Stealth        | |  1.0

Action                     |  1- 3 |  4- 6 |  7- 9 || total
---------------------------+-------+-------+-------++-------
  Melee: Club              |   149 |   163 |   196 ||   508
         Punch             |     1 |     1 |     5 ||     7
         Flail             |       |       |    11 ||    11
         Whip              |       |       |   150 ||   150
  Evoke: Wand              |     3 |    10 |    29 ||    42
    Use: Potion            |       |     1 |     8 ||     9
         Scroll            |       |       |    12 ||    12
   Stab: Sleeping          |     5 |     2 |       ||     7
         Distracted        |       |       |     1 ||     1
 Armour: Leather armour    |    51 |    42 |    66 ||   159
  Dodge: Dodged            |   101 |   128 |   272 ||   501
